AoeStats
← 公鸡神探

Hill Fort

503963413Analyzed
4v4 RM · 1mo ago on Sep 3, 2026· 49m 59s· 8 players
Game mode
Random Map
Map size
Large (8 player)
Population
200
Speed
Normal
Resources
Standard
Victory
Conquest
Starting age
Dark Age
Ending age
Imperial Age
RankedLock teamsTeams togetherTeam positionsShared explorationLock speedFull tech treeHidden civsTurbo modeCheats
Victory
Defeat
🇨🇳 Vietnamese · China
1150
+15
🇨🇳 Georgians · China
1132
+16
🇪🇬 Koreans · Egypt
1126
+17
🇻🇳 Mongols · Vietnam
1107
+17
🇺🇸 Malians · United States
1192
-18
🇹🇼 Huns · Taiwan
1170
-18
🇹🇼 Magyars · Taiwan
1100
-15
1090
-14
公鸡神探
12:03 Feudal Age
12:21 Feudal Age
16:23 Castle Age
15:01 Loom
15:11 Double-Bit Axe
15:13 Horse Collar
27:46 Bow Saw
29:05 Scale Barding Armor
29:11 Forging
34:44 Imperial Age
32:35 Fletching
34:41 Svan Towers
35:36 Bodkin Arrow
36:32 Chain Barding Armor
36:40 Conscription
36:01 Pikeman
36:41 Squires
36:27 Arson
37:05 Guard Tower
37:36 Ballistics
38:32 Plate Barding Armor
39:40 Bracer
41:47 Chemistry
41:25 Keep
42:51 Elite Monaspa
43:09 Halberdier
44:57 Iron Casting
44:34 Bloodlines
45:08 Arrowslits
47:57 Chemistry
48:07 Wheelbarrow
47:17 Town Watch
49:00 Treadmill Crane
49:31 Masonry
Meroero
2:12 Loom
11:50 Feudal Age
12:39 Double-Bit Axe
13:01 Horse Collar
19:58 Castle Age
18:53 Stone Mining
18:53 Gold Mining
19:30 Gold Mining
21:52 Pikeman
22:34 Squires
23:44 Town Watch
26:03 Heavy Plow
27:14 Bow Saw
34:37 Imperial Age
34:01 Gold Shaft Mining
34:01 Stone Shaft Mining
35:09 Wheelbarrow
35:56 Conscription
35:31 Elite War Wagon
37:33 Two-Man Saw
36:34 Arson
36:35 Gambesons
36:52 Halberdier
38:02 Elite Fire Lancer
39:50 Hand Cart
40:04 Caravan
39:39 Man-at-Arms
46:38 Treadmill Crane
47:20 Eupseong
47:59 Forging
47:49 Scale Mail Armor
49:19 Capped Ram
ThanhLe
3:18 Loom
11:16 Feudal Age
13:54 Double-Bit Axe
14:00 Fishing Lines
23:11 Castle Age
22:18 Wheelbarrow
21:40 Gold Mining
21:41 Stone Mining
25:39 Gillnets
30:03 Imperial Age
27:29 Fletching
28:19 Bodkin Arrow
28:28 Nomads
28:34 Padded Archer Armor
29:48 Gold Shaft Mining
29:49 Stone Shaft Mining
30:11 Leather Archer Armor
30:10 Elite Mangudai
31:13 Conscription
31:48 Hand Cart
32:01 Bracer
33:03 Town Watch
35:49 Chemistry
35:09 Ballistics
35:27 Bloodlines
35:18 Husbandry
35:03 Horse Collar
35:39 Bow Saw
44:02 Capped Ram
45:05 Drill
46:38 Siege Ram
无甲的joe
10:21 Feudal Age
16:42 Castle Age
15:38 Double-Bit Axe
17:02 Horse Collar
22:06 Fletching
22:17 Padded Archer Armor
24:12 Loom
25:31 Bodkin Arrow
25:52 Leather Archer Armor
27:20 Gold Mining
27:45 Bow Saw
33:32 Imperial Age
34:53 Bracer
34:37 Elite Rattan Archer
35:24 Stone Mining
36:57 Two-Man Saw
36:00 Heavy Plow
37:31 Thumb Ring
39:16 Ring Archer Armor
39:25 Ballistics
40:06 Chemistry
39:49 Wheelbarrow
39:38 Paper Money
sky26029
7:38 Loom
9:53 Feudal Age
11:06 Double-Bit Axe
13:46 Horse Collar
15:47 Town Watch
24:00 Castle Age
22:59 Gold Mining
22:59 Stone Mining
24:28 Fishing Lines
25:04 Bow Saw
26:25 Scale Barding Armor
29:43 Chain Barding Armor
30:13 Corvinian Army
31:20 Wheelbarrow
31:25 Fletching
34:44 Murder Holes
35:03 Masonry
35:07 Bloodlines
34:57 Husbandry
39:22 Imperial Age
37:37 Bodkin Arrow
40:58 Plate Barding Armor
40:24 Bracer
40:24 Padded Archer Armor
40:25 Scale Mail Armor
41:12 Conscription
41:30 Gold Shaft Mining
40:46 Stone Mining
41:48 Siege Engineers
41:25 Treadmill Crane
42:45 Chemistry
42:09 Ballistics
42:16 Caravan
43:28 Two-Man Saw
42:33 Heavy Plow
42:30 Gillnets
43:23 Elite Magyar Huszar
45:11 Careening
46:12 Leather Archer Armor
46:14 Hand Cart
46:01 Town Patrol
48:03 Cavalier
48:18 Light Cavalry
48:55 Paladin
浮槎万里获星河
10:15 Feudal Age
15:07 Castle Age
13:55 Double-Bit Axe
13:52 Horse Collar
19:54 Loom
23:12 Elite Skirmisher
24:04 Pikeman
26:20 Wheelbarrow
25:33 Town Watch
32:05 Imperial Age
32:03 Chemistry
31:45 Ballistics
33:40 Forging
34:18 Conscription
34:10 Halberdier
37:09 Bow Saw
38:07 Wagenburg Tactics
38:54 Fletching
39:50 Bodkin Arrow
41:23 Squires
43:35 Bracer
43:36 Padded Archer Armor
45:26 Leather Archer Armor
45:48 Iron Casting
遠方的燈
0:37 Loom
14:32 Feudal Age
15:00 Double-Bit Axe
14:56 Horse Collar
19:15 Castle Age
18:51 Bloodlines
18:49 Scale Barding Armor
18:55 Forging
24:58 Chain Barding Armor
30:18 Bow Saw
30:09 Heavy Plow
31:56 Iron Casting
34:43 Wheelbarrow
34:16 Town Watch
35:31 Husbandry
35:02 Elite Skirmisher
35:47 Thumb Ring
36:44 Hand Cart
40:57 Imperial Age
41:58 Ballistics
41:33 Fletching
42:22 Plate Barding Armor
42:50 Chemistry
41:58 Cavalier
43:43 Blast Furnace
42:47 Padded Archer Armor
43:44 Bodkin Arrow
45:13 Bracer
45:28 Leather Archer Armor
45:10 Paladin
46:15 Scale Mail Armor
The HypnoToad
7:17 Loom
10:29 Feudal Age
11:53 Double-Bit Axe
14:09 Wheelbarrow
17:08 Horse Collar
23:09 Castle Age
21:38 Fishing Lines
24:36 Scale Barding Armor
24:42 Forging
24:46 Gold Mining
25:07 Bow Saw
25:14 Heavy Plow
24:55 Light Cavalry
25:36 Husbandry
25:19 Demolition Ship
26:04 Light Cavalry
28:39 Bloodlines
29:35 Iron Casting
30:45 Chain Barding Armor
30:26 Scale Mail Armor
34:39 Imperial Age
34:15 Tigui
35:09 Chain Mail Armor
35:16 Squires
35:01 Arson
35:20 Stone Mining
36:03 Crop Rotation
35:35 Elite Gbeto
37:20 Plate Mail Armor
37:39 Conscription
43:31 Chemistry
48:20 Heavy Demolition Ship
Connection lost

Rejoining the realm…

Still unreachable

The connection could not be restored.

Session expired

The server has moved on; the page needs a fresh start.